[Event "4NCL Div 1 2024-25"]
[Site "England"]
[Date "2025.02.15"]
[Round "5.33"]
[White "Camacho Collados, Marcos"]
[Black "Kovchan, Alexander"]
[Result "1/2-1/2"]
[Annotator "TA"]
[ECO "B23"]
[WhiteElo "2459"]
[BlackElo "2453"]
[PlyCount "95"]
[EventDate "2024.11.23"]
[EventType "team-tourn"]
[EventCountry "ENG"]
[SourceTitle "playchess.com"]
[Source "ChessBase"]
[SourceQuality "1"]
[TimeControl "40/6000+30:3000+30"]

1. e4 c5 2. Nc3 d6 3. Bb5+ Bd7 4. Bxd7+ Qxd7 5. f4 g6 6. Nf3 Bg7 7. O-O Nc6 8. d3 Nf6 9. Qe1 {[%emt 0:00:52] B23: Closed Sicilian: Lines without g3.} Nd4 10. Nxd4 cxd4 11. Ne2 {[%emt 0:00:19] White has an edge.} Qa4 12. e5 $146 (12. b3 $11 Qa6 13. Nxd4) ({Predecessor:} 12. c3 dxc3 13. Nxc3 Qd4+ 14. Be3 Qxd3 15. Rd1 Qc4 16. e5 dxe5 17. fxe5 Ng4 18. Rd4 {½-½ Hetzer,V (1990)-Maciaga,M (2168) Warsaw Najdorf Memorial op-B 13th 2015 (2)}) 12... dxe5 $15 13. fxe5 Ng4 14. e6 f5 15. h3 Ne3 16. Bxe3 dxe3 {[%emt 0:00:03] NOTEXT-51077 Black (e3). Black plays in the center} 17. c3 Qc2 18. Nf4 Qxb2 19. Nd5 (19. d4 $15) 19... Rd8 $17 (19... e2 20. Rf2 Qa3 21. Nc7+ (21. Qxe2 $2 Qc5 $19) 21... Kf8 (21... Kd8 22. Nb5 $17) 22. Rb1 $15) 20. Rb1 Qd2 (20... Qxa2 $17 21. Nc7+ Kf8 22. Rxb7 (22. Qxe3 $2 Bxc3 23. Kh1 Kg7 $19) 22... e2 (22... Rxd3 23. Rb8+)) 21. c4 $11 Qxd3 (21... Qxa2 $2 22. Rxb7 (22. Qxe3 Rxd5 23. cxd5 Qxd5 $11) 22... Qa3 23. Qxe3 $18 (23. Rxe7+ Qxe7 24. Nxe7 Kxe7 $18)) 22. Rd1 Qxc4 (22... Rxd5 $5 23. Rxd3 (23. cxd5 Qe4 $17) 23... Rxd3 $11) 23. Qb4 $1 {[%emt 0:01:27][%csl Gd5][%cal Rb4e7] [#] Really sharp!} Qxd5 24. Rxd5 Rxd5 25. Qxb7 {[%emt 0:00:07] White wants to mate with Qc6+.} Rd8 26. Qc6+ (26. Qxa7 Bd4 (26... e2 27. Qa4+ Kf8 28. Re1 $17) 27. Qa4+ Kf8 $15) 26... Kf8 27. Qc7 Re8 28. Rb1 {[%emt 0:08:22][%cal Oc7b8] [#] Black must now prevent Qb8!.} Bf6 (28... e2 29. Kf2 $14 (29. Qxa7 Rd8 $17)) 29. Rb8 ({Don't do} 29. Qxa7 Rd8 $14 (29... e2 30. Kf2 $11)) 29... Rxb8 30. Qxb8+ {[%emt 0:00:02][%mdl 4096] Endgame KQ-KRB} Kg7 31. Qc7 g5 32. Kf1 {[%emt 0:00:25] The position is equal.} Kg6 33. Ke2 f4 34. Qc2+ Kg7 35. Qc7 {[%emt 0:00:03] Prevents Rb8} a5 36. a4 Ra8 37. h4 Ra6 38. hxg5 Bxg5 39. Qe5+ Kg6 40. Qe4+ Kg7 41. Qe5+ Kg6 42. Qe4+ Kh6 43. Kf3 Rd6 44. Qf5 Rd2 45. Qf8+ (45. Qxa5 $2 {is the wrong capture.} Rf2+ 46. Ke4 e2 $19 (46... Rxg2 47. Qe1 $17)) 45... Kg6 46. Qg8+ Kh6 47. Qf8+ Kg6 48. Qg8+ {[%emt 0:00:00] Weighted Error Value: White=0.07 (flawless) /Black=0.07 (flawless)   Missed win:     	---       	Black=1      Mistake:       	White=2     	Black=1      Inaccurate:     	White=1     	Black=1      OK:         	White=21    	Black=14     Best:        	White=2     	Black=3      Strong:       	White=1     	---} 1/2-1/2

[Event "4NCL Div 1 2024-25"]
[Site "England"]
[Date "2025.02.15"]
[Round "5.34"]
[White "Badacsonyi, Stanley"]
[Black "Palliser, Richard J D"]
[Result "1-0"]
[Annotator "ChessBase"]
[ECO "E46"]
[WhiteElo "2298"]
[BlackElo "2369"]
[PlyCount "113"]
[EventDate "2024.11.23"]
[EventType "team-tourn"]
[EventCountry "ENG"]
[SourceTitle "playchess.com"]
[Source "ChessBase"]
[SourceQuality "1"]
[TimeControl "40/6000+30:3000+30"]

1. d4 Nf6 2. c4 e6 3. Nc3 Bb4 4. e3 O-O 5. Bd2 c5 6. a3 Bxc3 7. Bxc3 Ne4 8. Ne2 b6 9. d5 Re8 10. g3 Bb7 11. Bg2 exd5 12. cxd5 Nxc3 13. Nxc3 d6 14. O-O Nd7 15. Re1 a6 16. a4 Qf6 17. Qe2 Rab8 18. f4 Bc8 19. e4 Qd4+ 20. Qf2 Qxf2+ 21. Kxf2 b5 22. axb5 axb5 23. Ra5 Nb6 24. Bf1 b4 25. Nb5 Rd8 26. Na7 Ra8 27. Rea1 Kf8 28. b3 Re8 29. Bd3 f5 30. Bb5 Rxe4 31. Bc6 Rb8 32. Rb5 Bd7 33. Rxb6 Rxb6 34. Bxd7 c4 35. Bxf5 Rd4 36. Nc6 Rd2+ 37. Ke3 c3 38. Be6 g6 39. Ra7 Rxh2 40. Rf7+ Kg8 41. Rc7+ Kh8 42. g4 Rh3+ 43. Kf2 c2 44. Rc8+ Kg7 45. g5 h6 46. Rc7+ Kf8 47. Rc8+ Kg7 48. Nxb4 Rxb3 49. Nxc2 hxg5 50. fxg5 Rb2 51. Kf3 R6b3+ 52. Kf4 Ra2 53. Rc7+ Kf8 54. Rc4 Ke7 55. Nd4 Rf2+ 56. Ke4 Rg3 57. Rc8 1-0

[Event "4NCL Div 1 2024-25"]
[Site "England"]
[Date "2025.02.15"]
[Round "5.35"]
[White "Camacho Collados, Jose"]
[Black "Badacsonyi, Frankie"]
[Result "1-0"]
[Annotator "ChessBase"]
[ECO "A13"]
[WhiteElo "2348"]
[BlackElo "2266"]
[PlyCount "129"]
[EventDate "2024.11.23"]
[EventType "team-tourn"]
[EventCountry "ENG"]
[SourceTitle "playchess.com"]
[Source "ChessBase"]
[SourceQuality "1"]
[TimeControl "40/6000+30:3000+30"]

1. Nf3 d5 2. c4 e6 3. g3 Nf6 4. Bg2 d4 5. O-O Nc6 6. d3 Bc5 7. Nbd2 O-O 8. Nb3 Be7 9. e3 e5 10. exd4 exd4 11. Bf4 a5 12. Ne5 Nxe5 13. Bxe5 a4 14. Nc1 c6 15. Ne2 Bc5 16. b4 axb3 17. axb3 Rxa1 18. Qxa1 Re8 19. Bxd4 Bxd4 20. Qxd4 Qxd4 21. Nxd4 Rd8 22. Ra1 Rxd4 23. Ra8 Rd8 24. Bh3 c5 25. Rxc8 Rxc8 26. Bxc8 b6 27. f4 Kf8 28. Kf2 Ne8 29. Ke3 Nd6 30. Bg4 Nb7 31. Ke4 Na5 32. Bd1 Nc6 33. Kd5 Nb4+ 34. Kd6 Nxd3 35. Kc7 Ke7 36. Kxb6 h6 37. Kc6 Ke6 38. Bf3 Nc1 39. Bd5+ Ke7 40. Kxc5 Nxb3+ 41. Kb6 Kd6 42. Bxf7 Nc5 43. Kb5 Nd3 44. Bg6 Nc5 45. Kb4 Na6+ 46. Kb5 Nc5 47. h4 Ne6 48. Kb4 Nd4 49. c5+ Kd5 50. Bf7+ Kc6 51. Be8+ Kd5 52. Bd7 Nc2+ 53. Kb5 Na3+ 54. Ka4 Nc2 55. c6 Kd6 56. Kb5 Na3+ 57. Kb4 Nc2+ 58. Kc3 Ne3 59. Kd3 Nd5 60. Ke4 g6 61. Kd4 Nf6 62. g4 Nd5 63. g5 hxg5 64. fxg5 Nc7 65. Ke4 1-0

[Event "4NCL Div 1 2024-25"]
[Site "England"]
[Date "2025.02.15"]
[Round "5.36"]
[White "Macak, Stefan"]
[Black "Chow, Samuel"]
[Result "0-1"]
[Annotator "ChessBase"]
[ECO "C02"]
[WhiteElo "2310"]
[BlackElo "2348"]
[PlyCount "66"]
[EventDate "2024.11.23"]
[EventType "team-tourn"]
[EventCountry "ENG"]
[SourceTitle "playchess.com"]
[Source "ChessBase"]
[SourceQuality "1"]
[TimeControl "40/6000+30:3000+30"]

1. e4 e6 2. d4 d5 3. e5 c5 4. c3 Nc6 5. Nf3 Bd7 6. Bd3 cxd4 7. cxd4 Qb6 8. O-O Nxd4 9. Nbd2 Bc5 10. Rb1 a5 11. a3 Bb5 12. Bxb5+ Qxb5 13. b4 Ne2+ 14. Kh1 axb4 15. Qc2 Ne7 16. axb4 Bxb4 17. Qb3 Nc6 18. Ba3 Ra4 19. Bxb4 Rxb4 20. Qe3 Nf4 21. Rxb4 Qxb4 22. Rb1 Qa4 23. Qc5 Nd3 24. Qd6 Nxf2+ 25. Kg1 Qa7 26. Kf1 Nd3 27. Ke2 Nf4+ 28. Kf1 Qa6+ 29. Kf2 g5 30. Kg3 Ne2+ 31. Kf2 Nc3 32. Rc1 Qa5 33. Nb3 Ne4+ 0-1

[Event "4NCL Div 1 2024-25"]
[Site "England"]
[Date "2025.02.15"]
[Round "5.37"]
[White "Navrotescu, Andreea"]
[Black "Mirzoeva, Elmira"]
[Result "0-1"]
[Annotator "ChessBase"]
[ECO "A21"]
[WhiteElo "2338"]
[BlackElo "2258"]
[PlyCount "176"]
[EventDate "2024.11.23"]
[EventType "team-tourn"]
[EventCountry "ENG"]
[SourceTitle "playchess.com"]
[Source "ChessBase"]
[SourceQuality "1"]
[TimeControl "40/6000+30:3000+30"]

1. c4 e5 2. Nc3 d6 3. g3 f5 4. d4 e4 5. h4 Nf6 6. Nh3 Be7 7. Bg5 c6 8. e3 Na6 9. Nf4 Nc7 10. Qb3 Rb8 11. d5 Bd7 12. Be2 c5 13. a4 O-O 14. O-O Nfe8 15. Bxe7 Qxe7 16. Rae1 Nf6 17. Qc2 Na6 18. Na2 Qe8 19. b3 g6 20. Kg2 Kg7 21. Rh1 Qe5 22. Rb1 Ng8 23. Qb2 Nh6 24. Nc3 Nc7 25. Nb5 Bxb5 26. axb5 Qxb2 27. Rxb2 Kf6 28. Ra1 a6 29. b6 Na8 30. b4 Rfc8 31. Ne6 cxb4 32. Rxb4 Nf7 33. Ra5 Ne5 34. c5 dxc5 35. Nxc5 Rd8 36. Bd1 Rd6 37. Na4 Nd7 38. Bb3 Naxb6 39. Nxb6 Nxb6 40. Rc5 Nd7 41. Rc7 b5 42. Ra7 Rc8 43. f3 Rc3 44. g4 Rxe3 45. fxe4 fxe4 46. Kf2 Rh3 47. Bd1 Rd3 48. Be2 e3+ 49. Kf3 R3xd5 50. Rf4+ Ke7 51. Re4+ Kd8 52. Rxe3 h6 53. Kg3 Rd2 54. g5 hxg5 55. hxg5 R2d5 56. Kg4 Rc5 57. Re4 Ne5+ 58. Kf4 Nd7 59. Bg4 Rcc6 60. Ra8+ Rc8 61. Re8+ Kxe8 62. Rxc8+ Ke7 63. Rc7 Rd4+ 64. Kg3 a5 65. Ra7 a4 66. Rb7 b4 67. Bxd7 Rxd7 68. Rxb4 Ra7 69. Kf4 a3 70. Rb1 a2 71. Ra1 Ke6 72. Ke4 Ra4+ 73. Kd3 Kf5 74. Kc3 Kxg5 75. Kb3 Ra6 76. Kb2 Kf4 77. Rf1+ Kg3 78. Ka1 g5 79. Rg1+ Kf4 80. Rf1+ Ke3 81. Rf5 g4 82. Rg5 Kf3 83. Rf5+ Kg2 84. Rg5 g3 85. Rg8 Kf2 86. Rf8+ Kg1 87. Rg8 g2 88. Rf8 Ra3 0-1

[Event "4NCL Div 1 2024-25"]
[Site "England"]
[Date "2025.02.15"]
[Round "5.38"]
[White "Villiers, Thomas"]
[Black "Wall, Tim P"]
[Result "1/2-1/2"]
[Annotator "TA"]
[ECO "D06"]
[WhiteElo "2182"]
[BlackElo "2168"]
[PlyCount "63"]
[EventDate "2024.11.23"]
[EventType "team-tourn"]
[EventCountry "ENG"]
[SourceTitle "playchess.com"]
[Source "ChessBase"]
[SourceQuality "1"]
[TimeControl "40/6000+30:3000+30"]

1. d4 d5 2. Nf3 Bf5 3. c4 e6 4. Nc3 Nc6 5. Qa4 Bb4 6. a3 {[%emt 1:25:03] D06: Queen's Gambit: Symmetrical and Baltic Defences.} Bxc3+ 7. bxc3 Nf6 $146 ({Predecessor:} 7... Nge7 8. Nh4 O-O 9. Nxf5 Nxf5 10. e3 e5 11. cxd5 Qxd5 12. Qb5 Qe4 13. Qd3 Qg4 {1-0 Solomon,K (2271)-Sultanbek,Z (2098) Titled Tuesday intern op 17th Sep Late blitz 2024 (7)}) 8. Ne5 {[%emt 0:00:00] White has an edge.} O-O 9. Nxc6 Qd7 {[%emt 0:01:03] [#]} 10. f3 $1 bxc6 (10... Bg6 11. g4) 11. g4 Bg6 12. h4 $36 {[%emt 0:00:00][%mdl 2048] White is pushing.} h5 13. g5 Ne8 (13... Nh7 $14 {might be stronger.}) 14. c5 $16 Bf5 {[%emt 0:14:17][%cal Oe6e5] Black is weak on the dark squares} 15. Bf4 f6 16. e3 a5 17. Rh2 Rf7 (17... Rb8 $142) 18. O-O-O Re7 19. gxf6 (19. Bg3 $142) 19... gxf6 20. Rg2+ {[%emt 0:00:00] White attacks} Kh7 ({Black should play} 20... Ng7) 21. Qb3 (21. Bd3 $16) 21... Qc8 (21... Ng7 $14) 22. Bd3 {[%emt 0:00:00] White has more active pieces.} Bxd3 23. Rxd3 {[%emt 0:00:00] and Rd1 would now be decisive} e5 (23... Rg7 $16 24. Rxg7+ Kxg7) 24. dxe5 $18 fxe5 {[%emt 0:00:28] [#]} 25. Qc2 $1 Kh8 {[%emt 0:04:17] [#]} (25... exf4 26. Rxd5+) 26. Rxd5 $2 cxd5 $11 27. Qg6 $1 Ng7 {[%emt 0:05:31] [#]} ({Weaker is} 27... exf4 28. Qg8#) (27... Rg7 $1 $11 28. Bxe5 Qd7) 28. Bxe5 $1 $16 {[%emt 0:00:07][%mdl 512] White threatens Qh6+ and mate.} Qf8 {[%emt 0:00:37] [#]} 29. Qxh5+ ({White should play} 29. Bd4 $1 $16) 29... Kg8 $11 {[%emt 0:00:06] The position is equal.} 30. Bxg7 Rxg7 {[%emt 0:00:23] Successful Defense Black} 31. Qxd5+ Kh8 32. Qh5+ {[%emt 0:00:09] Black defended with fortune.   Weighted Error Value: White=0.19 (very precise) /Black=0.26 (precise)   Missed win:     	White=1     	---        Mistake:       	White=3     	Black=6      Inaccurate:     	White=1     	Black=3      OK:         	White=6     	Black=6      Best:        	White=6     	Black=1      Strong:       	White=2     	---        Brilliant:      	White=1     	---} 1/2-1/2

[Event "4NCL Div 1 2024-25"]
[Site "England"]
[Date "2025.02.15"]
[Round "5.39"]
[White "Carroll, Thomas"]
[Black "Yoon, Jacob D"]
[Result "1-0"]
[Annotator "ChessBase"]
[ECO "D07"]
[WhiteElo "2126"]
[BlackElo "2270"]
[PlyCount "111"]
[EventDate "2024.11.23"]
[EventType "team-tourn"]
[EventCountry "ENG"]
[SourceTitle "playchess.com"]
[Source "ChessBase"]
[SourceQuality "1"]
[TimeControl "40/6000+30:3000+30"]

1. d4 d5 2. c4 Nc6 3. cxd5 Qxd5 4. e3 e5 5. Nc3 Bb4 6. Bd2 Bxc3 7. Bxc3 exd4 8. Ne2 Nge7 9. Nxd4 Nxd4 10. Qxd4 Qxd4 11. Bxd4 O-O 12. Be2 Be6 13. O-O Bd5 14. Rfc1 c6 15. f3 Ng6 16. b4 Rfe8 17. Kf2 f6 18. a4 a6 19. g3 Nf8 20. h4 Ne6 21. Bb2 Nc7 22. g4 Bf7 23. Bd4 Rec8 24. Rab1 Be8 25. Bc4+ Bf7 26. Be2 Be8 27. h5 h6 28. Bd3 Bd7 29. Kg3 b5 30. a5 Ne6 31. Bb6 Re8 32. Rd1 Re7 33. Bf5 Nf8 34. Be4 Rc8 35. Bc5 Rf7 36. Bg6 Be6 37. Bxf7+ Kxf7 38. Bxf8 Kxf8 39. Rd4 Ke7 40. Rc1 Rc7 41. Rc5 Bc8 42. Kf4 Bd7 43. e4 Rc8 44. e5 Rf8 45. exf6+ gxf6 46. Rxd7+ Kxd7 47. Kf5 Rg8 48. Kxf6 Rf8+ 49. Kg7 Rxf3 50. Kxh6 Rf4 51. g5 Rxb4 52. g6 Rg4 53. Rg5 Rxg5 54. Kxg5 Ke7 55. h6 Kf8 56. Kf6 1-0

[Event "4NCL Div 1 2024-25"]
[Site "England"]
[Date "2025.02.15"]
[Round "5.40"]
[White "Pang, Ethan"]
[Black "Li, Harry"]
[Result "0-1"]
[Annotator "ChessBase"]
[ECO "C56"]
[WhiteElo "2303"]
[BlackElo "2203"]
[PlyCount "78"]
[EventDate "2024.11.23"]
[EventType "team-tourn"]
[EventCountry "ENG"]
[SourceTitle "playchess.com"]
[Source "ChessBase"]
[SourceQuality "1"]
[TimeControl "40/6000+30:3000+30"]

1. e4 e5 2. Nf3 Nc6 3. Bc4 Nf6 4. d4 exd4 5. e5 d5 6. Bb5 Ne4 7. Nxd4 Bd7 8. Bxc6 bxc6 9. O-O Bc5 10. Be3 Qe7 11. Re1 O-O 12. f3 Ng5 13. Qd2 Ne6 14. Nc3 Rab8 15. Rab1 Nxd4 16. Bxd4 Bf5 17. Ne2 Bb4 18. Bc3 Qc5+ 19. Nd4 Bxc3 20. Qxc3 Qxc3 21. bxc3 Bd7 22. Nb3 Bf5 23. Rec1 h5 24. Nc5 Rb6 25. Rb3 g5 26. h3 h4 27. Kf2 Re8 28. f4 gxf4 29. Kf3 Rxe5 30. Kxf4 f6 31. Ra3 Rb2 32. Ra6 Kf7 33. Rxa7 Bxc2 34. Rxc7+ Kg6 35. Rxc6 Bf5 36. Rf1 Rxg2 37. Kf3 Bxh3 38. Rh1 Rg3+ 39. Kf2 Rxc3 0-1